 Dungeon Crawl Stone Soup version 0.29-a0-598-gd8304a5bf4 (webtiles) character file.

Game seed: 6826696244073299248

2343 Patoropollo the Chopper (level 9, -22/79 HPs)
             Began as a Hill Orc Fighter on June 15, 2022.
             Was a Follower of Beogh.
             Annihilated by a shadow (28 damage)
             ... on level 7 of the Dungeon.
             The game lasted 00:17:16 (6266 turns).

Patoropollo the Chopper (Hill Orc Fighter)          Turns: 6266, Time: 00:17:17

Health: -22/79     AC: 16    Str: 23    XL:     9   Next: 43%
Magic:  14/14      EV: 10    Int:  8    God:    Beogh [*.....]
Gold:   1181       SH:  6    Dex: 16    Spells: 8/8 levels left

rFire   + . .      SeeInvis .   a - +1 war axe (elec)
rCold   + . .      Faith    .   c - +0 buckler
rNeg    . . .      Spirit   .   A - +0 plate armour
rPois   .          Reflect  .   (no helmet)
rElec   .          Harm     .   b - scarf {rC+ rF+}
rCorr   .          Rampage  .   q - +1 pair of gloves
Will    .....                   u - +0 pair of boots
Stlth   ..........              (no amulet)
HPRegen 0.23/turn               m - +4 ring of evasion
MPRegen 0.14/turn               x - +6 ring of dexterity

@: mighty
A: no striking features
a: Renounce Religion


You were on level 7 of the Dungeon.
You worshipped Beogh.
Beogh was aware of your devotion.
You visited 1 branch of the dungeon, and saw 7 of its levels.
You also visited: Sewer and Bailey.

You collected 1181 gold pieces.

Inventory:

Hand Weapons
 a - a +1 war axe of electrocution (weapon)
Armour
 b - a scarf of resistance (worn)
 c - a +0 buckler (worn)
 q - a +1 pair of gloves (worn)
 u - a +0 pair of boots (worn)
 A - a +0 plate armour (worn)
Jewellery
 m - a +4 ring of evasion (left hand)
 x - a +6 ring of dexterity (right hand)
Scrolls
 f - a scroll of blinking
 h - a scroll of poison
 j - 7 scrolls of teleportation
 o - a scroll of fog
Potions
 d - 2 potions of might
 e - 6 potions of curing
 g - 4 potions of ambrosia
 i - 6 potions of magic
 k - a potion of invisibility {unknown}
 l - a potion of heal wounds
 n - 4 potions of flight
 p - 3 potions of haste
 r - 2 potions of degeneration {unknown}
 s - a potion of mutation {unknown}
 v - a potion of brilliance {unknown}
 w - 2 potions of berserk rage


   Skills:
 + Level 7.5 Fighting
 + Level 7.6 Axes
 + Level 6.8 Armour
 + Level 6.9 Shields
 + Level 7.1 Invocations


You had 8 spell levels left.
You didn't know any spells.
Your spell library contained the following spells:

 Spells                   Type           Power      Damage    Failure   Level
 Hailstorm                Conj/Ice       0%         3d3       100%        4
 Ice Form                 Ice/Tmut       0%         N/A       100%        4
 Leda's Liquefaction      Hex/Erth       0%         N/A       100%        4
 Lee's Rapid Deconstruct  Erth           0%         3d5*      100%        5
 Simulacrum               Ice/Necr       0%         N/A       100%        6
 Statue Form              Tmut/Erth      0%         N/A       100%        6


Dungeon Overview and Level Annotations

Branches:
Dungeon (7/15)             Temple (0/1) D:7           Sewer (visited)
 Bailey (visited)

Altars:

Shops:
D:1 :   D:3 ?


Message History

Unknown command.
You are too injured to fight recklessly!
Unknown command.
You are too injured to fight recklessly!
Unknown command.
You are too injured to fight recklessly!
You slash the slime creature!
The slime creature is moderately wounded.
You hit the gnoll shaman. You slash the shadow! The slime creature hits you!
The gnoll shaman barely misses you. The shadow hits you!
* * * LOW HITPOINT WARNING * * *
You slash the slime creature!
The slime creature is heavily wounded.
You barely miss the gnoll shaman. You barely miss the shadow.
The gnoll shaman hits you with a +0 club.
* * * LOW HITPOINT WARNING * * *
You block the slime creature's attack. The shadow closely misses you.
You hit the slime creature.
The slime creature is heavily wounded.
You slash the gnoll shaman! You slash the shadow!
The gnoll shaman hits you but does no damage.
You block the slime creature's attack. The shadow hits you.
* * * LOW HITPOINT WARNING * * *
Unknown command.
You feel very mighty all of a sudden.
The slime creature hits you but does no damage.
The gnoll shaman barely misses you.
The shadow slips into darkness.
The shadow flickers and vanishes!
Deactivating autopickup; reactivate with Ctrl-A.
You slash the slime creature!
The slime creature is severely wounded.
You barely miss something. You barely miss the gnoll shaman.
The slime creature jiggles.
The slime creature hits you.
* * * LOW HITPOINT WARNING * * *
The gnoll shaman invokes the aid of its god against you.
You easily resist.
The shadow strikes at you from the darkness!
You die...

,,,,,,,,,*,,#.......#..#.........
,,,,,,,,,*,,#.⌠...⌠.#..#.........
***,******,,#..⌠....#..#.....>...
*,,* **,+...⌠...'.##.........
**,*** **#(...⌠..####.........
,,,,,* #.⌠...⌠(#........#...
***+*** #.......#.....>......
*,,,,,** ####'####............
,,,,,,,* *#@#*,...........†.
,,,,,,,*******#gJ{#*,............
,,,_,,,+,,,,*#.C...#*............
,,,,,,,*,,**#.......#*...........
,,,,,,,*,,*#.........#*..........
*,,,,,****#....!?$....##.........
***+***,,#....[?#?[....#.........
*,*,,**#######*#######,.##.....
*,,,,,,,,,,,*****,,***####....#


You could see a slime creature, a cyclops and a gnoll shaman.

Vanquished Creatures
  Sigmund (D:4)
  A water moccasin (D:7)
  Pargi (Sewer)
  7 orc warriors
  A black bear (D:7)
  3 ogres
  A bullfrog (D:7)
  A gnoll sergeant (D:7)
  2 scorpions
  A wight (D:7)
  A howler monkey (D:5)
  3 jellies
  2 orc priests (D:6)
  2 hounds
  2 iguanas
  4 orc wizards
  8 gnolls
  6 adders
  3 white imps
  2 ufetubi
  2 worms
  2 dart slugs (D:2)
  18 orcs
  4 bats
  9 endoplasms
  5 giant cockroaches
  13 goblins
  9 hobgoblins
  13 ball pythons
  11 frilled lizards
  14 kobolds
  6 rats
158 creatures vanquished.

Vanquished Creatures (others)
  An orc wizard (D:6)
  2 orcs (D:6)
3 creatures vanquished.

Grand Total: 161 creatures vanquished

Notes
Turn   | Place    | Note
-------+----------+-------------------------------------------
     0 | D:1      | Patoropollo the Hill Orc Fighter began the quest for the
                  | Orb.
     0 | D:1      | Reached XP level 1. HP: 19/19 MP: 1/1
   108 | D:1      | Reached XP level 2. HP: 24/27 MP: 2/2
   188 | D:1      | Reached skill level 1 in Invocations
   425 | D:1      | Found Ratsin Adaxt's Book Emporium.
   622 | D:1      | Reached XP level 3. HP: 32/33 MP: 3/3
  1438 | D:2      | Reached XP level 4. HP: 37/40 MP: 5/5
  1938 | D:3      | Found a faded altar of an unknown god.
  2042 | D:3      | Found Ibavips's Magic Scroll Shop.
  2084 | D:3      | Reached XP level 5. HP: 36/46 MP: 6/6
  2698 | D:4      | Noticed Sigmund
  2706 | D:4      | Killed Sigmund
  2707 | D:4      | Reached XP level 6. HP: 34/55 MP: 8/8
  2900 | D:4      | Reached skill level 5 in Fighting
  3279 | D:5      | Entered Level 5 of the Dungeon
  3300 | D:5      | Found a glowing drain.
  3311 | Sewer    | Entered a sewer
  3348 | Sewer    | Noticed Pargi
  3351 | Sewer    | Killed Pargi
  3352 | Sewer    | Reached skill level 5 in Axes
  3352 | Sewer    | Reached XP level 7. HP: 61/61 MP: 8/10
  3526 | D:5      | Reached skill level 5 in Armour
  3526 | D:5      | Reached skill level 5 in Shields
  4335 | D:6      | Became a worshipper of Beogh the Brigand
  4596 | D:6      | Reached XP level 8. HP: 39/70 MP: 11/11
  4683 | D:6      | Reached skill level 5 in Invocations
  5538 | D:7      | Found a flagged portal.
  5556 | D:7      | Reached * piety under Beogh
  5591 | Bailey   | Entered a bailey
  5744 | Bailey   | Reached XP level 9. HP: 63/79 MP: 13/13
  5774 | Bailey   | HP: 1/79 [orc warrior/+0 war axe (9)]
  6256 | D:7      | Noticed a cyclops
  6266 | D:7      | Annihilated by a shadow

Illustrated notes

Levels and vault maps discovered:
D:1:      wander_arrival_desolate, layout_loops_ring, serial_shops,
          nicolae_diamond_shop, fountainhead
D:2:      layout_basic
D:3:      layout_loops_ring, ebering_ecumenical_altar_rust, serial_shops,
          shop_coins
D:4:      layout_cave_pools, uniq_sigmund
D:5:      layout_loops_ring, cheibrodos_sewer_entry_sluice,
          nicolae_zen_rock_garden, grunt_decor_junction,
          nicolae_concentric_dashed_squares_mild
D:6:      layout_layer_cave
D:7:      minmay_chambers_of_sevens, layout_rooms, mainiacjoe_overflow_brackets,
          beargit_hepliaklqana_dungeon_heroes, nicolae_vehumet_altar_sigil,
          minmay_temple_entry_antechambers, enter_bailey_5

Skill      XL: |  1  2  3  4  5  6  7  8  9 |
---------------+----------------------------+-----
Axes           | 3 4 5 7 |  7.6
Invocations    | 1 2 3 4 6 7 |  7.1
Fighting       | 4 5 7 |  7.5
Armour         | 4 5 6 |  6.8
Shields        | 4 5 6 |  6.9

Action                   |  1- 3 |  4- 6 |  7- 9 || total
-------------------------+-------+-------+-------++-------
Melee: War axe           |    96 |   125 |   178 ||   399
Invok: Convert to Beogh  |       |       |     1 ||     1
Evoke: Wand              |       |    10 |     3 ||    13
  Use: Scroll            |       |    10 |    12 ||    22
       Potion            |       |       |     2 ||     2
 Stab: Sleeping          |       |       |     1 ||     1
Armor: Scale mail        |    55 |    51 |     2 ||   108
       Troll leather arm |       |       |    49 ||    49
       Plate armour      |       |       |    11 ||    11
Dodge: Dodged            |    47 |    67 |   125 ||   239
Block: Buckler           |    22 |    25 |    63 ||   110

Table legend: (Time is in decaauts)
 A = Elapsed time spent in this place.
 B = Non-inter-level travel time spent in this place.
 C = Inter-level travel time spent in this place.
 D = Time resting spent in this place.
 E = Time spent auto-exploring this place.
 F = Levels seen in this place.
 G = Mean time per level.
                   A        B        C        D        E       F      G
               +--------+--------+--------+--------+--------+-----+--------+
         Total |   6425 |   6105 |    320 |      0 |   4739 |   9 |  713.9 |
       Dungeon |   5801 |   5481 |    320 |      0 |   4484 |   7 |  828.7 |
         Sewer |    198 |    198 |      0 |      0 |    122 |   1 |  198.0 |
        Bailey |    425 |    425 |      0 |      0 |    133 |   1 |  425.0 |
               +--------+--------+--------+--------+--------+-----+--------+

Top non-repeatable levels by time:
     D:6: 1088 daAuts
     D:1: 1075 daAuts
     D:5: 890 daAuts
     D:2: 875 daAuts
     D:3: 792 daAuts
     D:4: 612 daAuts
     D:7: 466 daAuts
  Bailey: 425 daAuts
   Sewer: 198 daAuts
